 Dungeon Crawl Stone Soup version 0.22.0-16-gc6d26f69f9 (webtiles) character file.

70 Peloso the Skirmisher (level 4, 0/41 HPs)
             Began as a Minotaur Fighter on Aug 18, 2018.
             Slain by a quokka (3 damage)
             ... on level 3 of the Dungeon.
             The game lasted 00:03:54 (1039 turns).

Peloso the Skirmisher (Minotaur Fighter)            Turns: 1039, Time: 00:03:54

Health: 0/41       AC:  6    Str: 21    XL:     4   Next: 3%
Magic:  3/3        EV:  7    Int:  5    God:
Gold:   129        SH: 10    Dex: 10    Spells: 3/3 levels left

rFire    . . .     SeeInvis .   h - +0 short sword (curse)
rCold    . . .     Gourm    .   c - +1 shield
rNeg     . . .     Faith    .   b - +0 scale mail
rPois    .         Spirit   .   (helmet restricted)
rElec    .         Reflect  .   (no cloak)
rCorr    .         Harm     .   (no gloves)
MR       .....                  (no boots)
Stlth    ..........             (no amulet)
HPRegen  0.13/turn              (no ring)
MPRegen  0.08/turn              (no ring)

@: drained
A: retaliatory headbutt, horns 2
a: no special abilities


You were on level 3 of the Dungeon.
You were hungry.

You visited 1 branch of the dungeon, and saw 3 of its levels.

You collected 129 gold pieces.

Inventory:

Hand Weapons
 a - a +0 long sword
 h - a cursed +0 short sword (weapon)
Armour
 b - a +0 scale mail (worn)
 c - a +1 shield (worn)
Jewellery
 i - an uncursed amulet of harm
Potions
 d - a potion of might
 j - a potion of cancellation
 m - a potion of berserk rage
Comestibles
 f - 4 rations
 g - 2 chunks of flesh


   Skills:
 + Level 4.3(3.3) Fighting
 + Level 1.0(0.9) Short Blades
 + Level 2.6(1.8) Long Blades
 + Level 4.2(3.2) Armour
 + Level 1.3(0.4) Dodging
 + Level 4.2(3.2) Shields


You had 3 spell levels left.
You didn't know any spells.
Your spell library was empty.

Dungeon Overview and Level Annotations

Branches:
Dungeon (3/15)

Altars:
Kikubaaqudgha
Uskayaw


Innate Abilities, Weirdness & Mutations

You reflexively headbutt those who attack you in melee.
You have a pair of horns on your head.


Message History

You barely miss the worm.
The worm is severely wounded.
The worm bites you.
* * * LOW HITPOINT WARNING * * *
You hit the worm but do no damage. You headbutt the worm.
You kill the worm!
You have reached level 4!
You feel stronger.
You see here a jackal corpse.
You butcher the jackal corpse.
g - 2 chunks of flesh A quokka comes into view.
Items here: ) ††† a whip; a kobold corpse; a jackal corpse; an adder corpse You block the quokka's attack.
You block the quokka's attack.
You miss the quokka. You headbutt the quokka.
The quokka is heavily wounded.
The quokka bites you.
You die...

>.................>
....................
....................
....................
.......!............
....................
.......(.........?..
.......[............
...<...@............
.......r............
....................
...................
..................
.......#)#..######
######.#.#..#
####.#....#
#.......#.#


You could see a quokka.

Vanquished Creatures
  2 adders
  An ooze (D:3)
  2 worms
  A dart slug (D:2)
  A leopard gecko (D:2)
  A giant cockroach (D:2)
  2 goblins (D:2)
  8 hobgoblins
  4 jackals (D:3)
  4 kobolds
  A ball python (D:2)
  8 bats
  2 frilled lizards
  2 rats
39 creatures vanquished.

Notes
Turn   | Place    | Note
-------+----------+-------------------------------------------
     0 | D:1      | Peloso the Minotaur Fighter began the quest for the Orb.
     0 | D:1      | Reached XP level 1. HP: 19/19 MP: 0/0
   326 | D:1      | Reached XP level 2. HP: 25/27 MP: 1/1
   416 | D:2      | Found an ancient bone altar of Kikubaaqudgha.
   619 | D:2      | Reached XP level 3. HP: 27/33 MP: 2/2
   906 | D:2      | Found a hide-covered altar of Uskayaw.
  1004 | D:3      | Reached skill level 1 in Dodging
  1012 | D:3      | Reached skill level 1 in Short Blades
  1027 | D:3      | HP: 1/34 [worm (6)]
  1028 | D:3      | Reached XP level 4. HP: 2/41 MP: 3/3
  1039 | D:3      | Slain by a quokka

Skill      XL: |  1  2  3 |
---------------+----------+-----
Fighting       | 4 |  4.3
Shields        | 4 |  4.2
Armour         | 4 |  4.2
Dodging        | 1 |  1.3
Short Blades   | 1 |  1.0
Long Blades    | |  2.6

Action                   |  1- 3 |  4- 6 || total
-------------------------+-------+-------++-------
Melee: Short sword       |   121 |     1 ||   122
       Headbutt          |    12 |     1 ||    13
       Long sword        |     2 |       ||     2
  Use: Scroll            |     5 |       ||     5
Armor: Scale mail        |    76 |       ||    76
Dodge: Dodged            |    49 |       ||    49
Block: Shield            |    83 |     2 ||    85
